 Dungeon Sprint DCSS version 0.22-a0-430-g6609fc6 (webtiles) character file.

9 raistware the Sneak (level 2, -2/28 HPs)
             Began as a Vampire Ice Elementalist on May 26, 2018.
             Slain by an ice beast (5 damage)
             ... in the Dungeon (Sprint IX: "|||||||||||||||||||||||||||||").
             The game lasted 00:00:39 (312 turns).

raistware the Sneak (Vampire Ice Elementalist)       Turns: 312, Time: 00:00:39

Health: -2/28      AC:  2    Str: 12    XL:     2   Next: 3%
Magic:  1/5        EV: 12    Int: 17    God:
Gold:   0          SH:  0    Dex: 14    Spells: 4/5 levels left

rFire    . . .     SeeInvis +   (no weapon)
rCold    . . .     Gourm    .   (no shield)
rNeg     + . .     Faith    .   a - +0 robe
rPois    .         Spirit   .   (no helmet)
rElec    .         Reflect  .   (no cloak)
rCorr    .         Harm     .   (no gloves)
MR       .....     NoTele   +   (no boots)
Stlth    ..........             (no amulet)
HPRegen  0.09/turn              (no ring)
MPRegen  0.09/turn              (no ring)

@: berserking (expiring), very quick
A: fangs 3, see invisible, unbreathing
a: no special abilities


You were in the Dungeon.
You were not thirsty.

You visited 1 branch

Inventory:

Armour
 a - a +0 robe (worn)
Scrolls
 i - a scroll of blinking
Potions
 c - a potion of blood
 d - a potion of curing
 f - a potion of haste
 g - 2 potions of magic


   Skills:
 - Level 2.1 Dodging
 + Level 7.1 Stealth
 - Level 2.0 Spellcasting
   Level 0.6 Conjurations
 - Level 3.0 Ice Magic


You had 4 spell levels left.
You knew the following spells:

 Your Spells              Type           Power        Failure   Level  Hunger
a - Freeze                Ice            ##..         5%          1    #......

Your spell library contained the following spells:

 Spells                   Type           Power        Failure   Level  Hunger
 Throw Frost              Conj/Ice       #.....       14%         2    ###....
 Summon Ice Beast         Ice/Summ       #.......     71%         4    #####..
 Ozocubu's Armour         Chrm/Ice       #.......     30%         3    ###....
 Throw Icicle             Conj/Ice       #.......     67%         4    #####..


Dungeon Overview and Level Annotations

Branches:
Dungeon (1/1)

Altars:


Innate Abilities, Weirdness & Mutations

You have razor-sharp teeth.
You have supernaturally acute eyesight. (SInv)
You can survive without breathing.


Message History

You barely miss the ice beast.
The ice beast is lightly wounded.
The ice beast hits you. The ice beast freezes you!
* * * LOW HITPOINT WARNING * * *
You barely miss the ice beast.
The ice beast is lightly wounded.
You hit the ice beast but do no damage. You bite the ice beast.
The ice beast is lightly wounded.
The ice beast closely misses you.
You hit the ice beast.
The ice beast is moderately wounded.
The ice beast closely misses you.
You hit the ice beast.
The ice beast is heavily wounded.
You punch the ice beast! Your bite misses the ice beast.
The ice beast is severely wounded.
The ice beast hits you.
* * * LOW HITPOINT WARNING * * *
The ice beast freezes you.
You die...

▓+▓
▓.▓
▓Z▓
▓Z▓
▓S▓
▓Y▓
▓@▓
▓.▓
▓.▓
▓.▓
▓.▓
▓(▓
▓'▓
▓.▓
▓.▓


You could see an ice beast, an adder, a bat skeleton and an adder skeleton.

Vanquished Creatures
  An ooze (D)
  A goblin (D)
  A frilled lizard (D)
  A kobold (D)
  2 rats (D)
6 creatures vanquished.

Notes
Turn   | Place    | Note
-------+----------+-------------------------------------------
     0 | D        | raistware the Vampire Ice Elementalist began the quest for the Orb.
     0 | D        | Reached XP level 1. HP: 13/13 MP: 3/3
    10 | D        | Reached skill level 4 in Stealth
    20 | D        | Reached skill level 5 in Stealth
   294 | D        | Noticed an ice beast
   303 | D        | Reached skill level 7 in Stealth
   303 | D        | Reached XP level 2. HP: 19/19 MP: 0/5
   312 | D        | Slain by an ice beast

Vault maps used:
D:        linesprint

Skill      XL: |  1 |
---------------+----+-----
Stealth        | 7 |  7.1
Dodging        | |  2.1
Spellcasting   | |  2.0
Conjurations   | |  0.6
Ice Magic      | |  3.0

Action                   || total
-------------------------++-------
Melee: Unarmed           ||    25
       Bite              ||     1
 Cast: Freeze            ||     7
  Use: Potion            ||     2
 Stab: Sleeping          ||     1
  Eat: Corpse            ||     1
Armor: Robe              ||     1
Dodge: Dodged            ||    12

Table legend:
 A = Spawn XP
 B = Non-spawn XP
 C = Spawn XP percentage of total XP
 D = Spawn monster count
 E = Non-spawn monster count
 F = Spawn count percentage of total count
 G = Total turns spent on level
                    A         B        C        D         E        F      G
               +---------+---------+-------+---------+---------+-------+---------
         Total |       0 |      13 |   0.0 |       0 |       6 |   0.0 |   312
               +---------+---------+-------+---------+---------+-------+---------
             D |       0 |      13 |   0.0 |       0 |       6 |   0.0 |   312
               +---------+---------+-------+---------+---------+-------+---------
